 Seeded DCSS version 0.25-a0-566-g062765b (webtiles) character file.

Game seed: 5297255886110989426, levelgen mode: deterministic

39 Faels the Insei (level 3, 0/26 HPs)
             Began as a Human Transmuter on Feb 27, 2020.
             Slain by an orc wizard
             ... wielding a +0 dagger
              (3 damage)
             ... on level 2 of the Dungeon.
             The game lasted 00:05:21 (2051 turns).

Faels the Insei (Human Transmuter)                  Turns: 2051, Time: 00:05:21

Health: 0/26       AC:  3    Str: 10    XL:     3   Next: 70%
Magic:  6/6        EV: 12    Int: 14    God:
Gold:   42         SH:  0    Dex: 13    Spells: 3/6 levels left

rFire    . . .     SeeInvis .   c - +0 club
rCold    . . .     Gourm    .   (no shield)
rNeg     . . .     Faith    .   b - +0 robe
rPois    .         Spirit   .   (no helmet)
rElec    .         Reflect  .   l - +0 cloak
rCorr    .         Harm     .   (no gloves)
MR       .....                  (no boots)
Stlth    +.........             (no amulet)
HPRegen  0.08/turn              (no ring)
MPRegen  0.10/turn              (no ring)

@: no status effects
A: no striking features
a: no special abilities


You were on level 2 of the Dungeon.
You were hungry.

You visited 1 branch of the dungeon, and saw 2 of its levels.

You collected 42 gold pieces.

Inventory:

Hand Weapons
 c - a +0 club (weapon)
 h - a +0 dagger
Missiles
 a - 12 arrows
 g - 18 poisoned darts (quivered)
 j - 5 datura-tipped darts
Armour
 b - a +0 robe (worn)
 l - a +0 cloak (worn)
Scrolls
 e - 2 scrolls of identify {unknown}
 i - 4 scrolls of teleportation {unknown}
 m - a scroll of enchant armour {unknown}
Potions
 k - a potion of berserk rage {unknown}
Comestibles
 d - 4 rations
 n - a chunk of flesh


   Skills:
 - Level 1.3 Fighting
 * Level 1.6 Maces & Flails
 * Level 1.0 Throwing
 - Level 2.2 Dodging
 - Level 3.0 Unarmed Combat
 - Level 2.0 Spellcasting
 + Level 2.4 Transmutations


You had 3 spell levels left.
You knew the following spells:

 Your Spells              Type           Power        Failure   Level  Hunger
a - Beastly Appendage     Tmut           #.....       9%          1    ##.....
b - Sticks to Snakes      Tmut           #.......     14%         2    ###....

Your spell library contained the following spells:

 Spells                   Type           Power        Failure   Level  Hunger
 Spider Form              Tmut/Pois      #.........   41%         3    ####...
 Ice Form                 Ice/Tmut       #.......     82%         4    #####..
 Blade Hands              Tmut           #.........   94%         5    ######.


Dungeon Overview and Level Annotations

Branches:
Dungeon (2/15)

Altars:


Message History

Really target yourself?
Okay, then.
Throwing (i - inventory. (/) - cycle)
g - 20 poisoned darts (quivered)
Press: ? - help, Shift-Dir - straight line You throw a poisoned dart.
Something hits you but does no damage.
Throwing (i - inventory. (/) - cycle)
g - 19 poisoned darts (quivered)
Press: ? - help, Shift-Dir - straight line You throw a poisoned dart.
Something hits you.
* * * LOW HITPOINT WARNING * * *
You hear some strange, mumbled words.
A puff of flame appears from out of thin air!
The puff of flame hits you.
* * * LOW HITPOINT WARNING * * *
The orc wizard hits you but does no damage.
You hit the orc wizard.
The orc wizard is moderately wounded.
The orc wizard hits you with a +0 dagger.
* * * LOW HITPOINT WARNING * * *
The orc wizard hits you with a +0 dagger.
You die...

#.##(...##
#.##(####
#.##.#
#.##.#
#.##.#
#.#..#
#.#.##
#.#.#
#@#.#
#o#.#
#...#
#####


You could see an orc wizard.

Vanquished Creatures
  A worm (D:1)
  2 dart slugs (D:1)
  2 leopard geckos (D:1)
  3 orcs (D:2)
  A ball python (D:1)
  4 giant cockroaches
  2 goblins (D:1)
  A hobgoblin (D:1)
  4 kobolds (D:1)
  A bat (D:1)
  2 frilled lizards (D:1)
  4 rats (D:1)
27 creatures vanquished.

Notes
Turn   | Place    | Note
-------+----------+-------------------------------------------
     0 | D:1      | Faels the Human Transmuter began the quest for the Orb.
     0 | D:1      | Reached XP level 1. HP: 15/15 MP: 3/3
   278 | D:1      | Reached XP level 2. HP: 21/21 MP: 5/5
   286 | D:1      | Learned a level 2 spell: Sticks to Snakes
   535 | D:1      | Reached skill level 1 in Maces & Flails
   764 | D:1      | Reached XP level 3. HP: 16/26 MP: 6/6
  2012 | D:2      | Reached skill level 1 in Throwing
  2051 | D:2      | Slain by an orc wizard

Levels and vault maps discovered:
D:1:      dpeg_arrival_brainrot, layout_basic
D:2:      layout_basic, first_ration, serial_co_window_serial,
          co_window_paths_b, co_window_corner_a, co_window_paths_a,
          co_window_corner_a, co_window_paths_a, co_window_of_opportunity_a,
          co_window_paths_b, co_window_corner_a, co_window_paths_a,
          co_window_corner_cb, co_window_2corner, co_window_corner_ca,
          co_window_corner_b, co_window_4corner_a, co_window_4corner_b,
          glass_columns_c, glass_columns_c, glass_columns_c, glass_columns_a,
          serial_bayou_crossing, uniq_jessica, uniq_natasha

Skill      XL: |  1  2  3 |
---------------+----------+-----
Maces & Flails | 1 |  1.6
Throwing       | 1 |  1.0
Fighting       | |  1.3
Dodging        | |  2.2
Unarmed Combat | |  3.0
Spellcasting   | |  2.0
Transmutations | |  2.4

Action                   || total
-------------------------++-------
Melee: Club              ||    89
       Unarmed           ||     4
       Punch             ||     1
Throw: Dart              ||    33
 Cast: Beastly Appendage ||     2
  Use: Potion            ||     1
  Eat: Chunk             ||     3
Armor: Robe              ||    20
Dodge: Dodged            ||    56

Table legend:
 A = Non-vault XP
 B = Vault XP
 C = Vault XP percentage of total XP
 D = Non-vault monster count
 E = Vault monster count
 F = Vault count percentage of total count
                 A         B        C        D         E       F
            +---------+---------+-------+---------+---------+-------
      Total |      52 |       5 |   8.8 |      26 |       1 |   3.7
            +---------+---------+-------+---------+---------+-------
        D:1 |      41 |       5 |  10.9 |      22 |       1 |   4.3
        D:2 |      11 |       0 |   0.0 |       4 |       0 |   0.0
            +---------+---------+-------+---------+---------+-------
